Map: Newkirk Precinct TE (Void)

Players

Railgan

  • Race: Zerg Zerg
  • League: Grandmaster
  • Spawn Location: 5:00

Dexter - Winner!

  • Race: Zerg Zerg
  • League: Master
  • Spawn Location: 7:00

VOD

Have the link to the VOD?

Description

Time

  • Played on: March 13, 2017, 3:45 p.m.
  • Length: 9:16
Show
View Real Time Build Order
Export as new Build Order

Railgan Zerg 

Build Orders: Hatch First, Lurkers 

Get SALT Encoding   

  12  0:02  Drone  
  13  0:13  Overlord  
  13  0:19  Drone  
  14  0:31  Drone x2  
  14  0:35  Drone  
  17  0:46  Drone  
  18  0:59  Drone, Hatchery  
  18  1:01  Extractor  
  17  1:15  Spawning Pool  
  17  1:18  Drone  
  17  1:20  Drone  
  18  1:28  Drone  
  19  1:40  Overlord  
  19  1:50  Drone  
  20  2:03  Queen  
  20  2:04  Zergling x2  
  23  2:10  Queen  
  23  2:11  Drone  
  23  2:12  Drone  
  23  2:15  Metabolic Boost  
  27  2:22  Drone x2  
  29  2:34  Overlord  
  29  2:35  Baneling Nest  
  29  2:36  Drone  
  29  2:39  Queen  
  31  2:44  Drone  
  31  2:50  Queen  
  34  2:54  Zergling x2  
  34  2:55  Drone  
  36  3:01  Drone  
  36  3:06  Drone  
  36  3:07  Drone  
  38  3:15  Drone x2  
  38  3:19  Lair  
  40  3:24  Evolution Chamber  
  40  3:25  Drone x2  
  40  3:26  Extractor  
  40  3:27  Zergling x2  
  41  3:34  Zergling x2  
  41  3:39  Baneling  
  41  3:40  Baneling  
  41  3:41  Zergling x4  
  44  3:42  Overlord  
  44  3:50  Baneling  
  44  3:51  Baneling  
  44  3:57  Baneling  
  43  4:05  Overlord  
  43  4:18  Overlord  
  43  4:22  Extractor  
  43  4:23  Drone x6  
  48  4:26  Drone x2  
  50  4:31  Zerg Melee Weapons Level 1  
  50  4:36  Drone  
  50  4:37  Drone  
  52  4:40  Extractor  
  51  4:46  Drone x2  
  51  4:48  Drone x2  
  51  4:51  Hydralisk Den  
  51  4:52  Zergling x4  
  56  4:53  Zergling x2  
  57  5:01  Zergling x4  
  56  5:07  Drone x3  
  56  5:09  Hatchery  
  58  5:23  Overlord x2  
  58  5:29  Overlord, Lurker Den  
  58  5:39  Overlord  
  58  5:43  Hydralisk x6  
  58  5:45  Unknown  
  58  5:49  Drone  
  72  5:50  Drone x2  
  73  5:58  Hydralisk  
  73  6:00  Hydralisk  
  73  6:02  Overlord  
  77  6:10  Zergling x2  
  78  6:14  Pneumatized Carapace  
  78  6:15  Zergling x2  
  78  6:16  Zergling x6  
  82  6:31  Drone x6  
  88  6:38  Zergling x4  
  90  6:40  Zerg Melee Weapons Level 2  
  90  6:46  Drone x2  
  90  6:47  Drone x2  
  94  6:48  Drone  
  94  6:49  Drone  
  94  6:50  Extractor  
  94  6:51  Extractor  
  94  6:54  Overlord  
  94  6:55  Overlord  
  94  6:57  Muscular Augments  
  94  6:58  Lurker x3  
  97  7:02  Zergling x2  
  97  7:03  Drone x2  
  97  7:04  Drone  
  97  7:05  Drone x3  
  104  7:09  Overlord  
  103  7:25  Hydralisk x4, Zergling x2  
  112  7:30  Drone  
  112  7:31  Drone  
  112  7:36  Hydralisk  
  116  7:43  Hydralisk  
  116  7:44  Hydralisk x4, Overlord  
  116  7:47  Hatchery  
  123  7:52  Hydralisk, Lurker  
  123  7:58  Drone x3  
  119  7:59  Hydralisk, Drone x3  
  119  8:03  Lurker  
  124  8:10  Overlord  
  124  8:12  Drone x3  
  125  8:19  Zergling x2  
  126  8:22  Hydralisk x2  
  129  8:29  Lurker x2, Zergling x8  
  129  8:30  Zergling x4  
  133  8:39  Hydralisk x3  
  123  8:43  Hydralisk  
  123  8:47  Hydralisk  
  109  8:50  Hydralisk  
Show
View Real Time Build Order
Export as new Build Order

Dexter Zerg - Winner!

Build Orders: Hatch First 

Get SALT Encoding   

  12  0:00  Drone  
  13  0:13  Overlord  
  13  0:18  Drone  
  14  0:31  Drone x2  
  17  0:35  Drone  
  17  0:52  Hatchery  
  17  0:56  Drone  
  17  0:58  Drone  
  18  1:10  Extractor  
  17  1:14  Spawning Pool  
  17  1:17  Drone  
  17  1:20  Drone  
  18  1:30  Drone  
  19  1:40  Overlord  
  19  1:51  Drone  
  20  2:01  Queen  
  20  2:02  Zergling x2  
  20  2:04  Drone, Queen  
  26  2:09  Metabolic Boost  
  26  2:14  Drone  
  27  2:16  Drone  
  27  2:22  Drone  
  29  2:30  Baneling Nest  
  29  2:31  Drone  
  29  2:36  Drone  
  30  2:39  Queen  
  32  2:44  Overlord  
  32  2:49  Zergling x2  
  32  2:50  Drone  
  34  2:58  Drone  
  34  3:00  Drone  
  35  3:08  Zergling x2  
  36  3:13  Baneling  
  36  3:14  Zergling x2  
  36  3:15  Zergling x12  
  43  3:22  Overlord  
  43  3:26  Baneling  
  43  3:35  Drone  
  44  3:42  Hatchery  
  44  3:43  Drone  
  44  3:44  Drone x2  
  44  3:46  Drone x2  
  48  3:57  Drone  
  48  4:00  Drone x3  
  48  4:02  Lair  
  51  4:07  Evolution Chamber, Drone  
  51  4:11  Drone  
  52  4:19  Overlord x2  
  51  4:25  Drone  
  52  4:34  Zerg Missile Weapons Level 1  
  52  4:35  Extractor  
  52  4:36  Extractor, Queen  
  52  4:37  Roach Warren  
  51  4:43  Drone x3  
  51  4:44  Drone x3  
  56  4:52  Overlord  
  56  4:56  Drone, Queen  
  59  5:03  Queen  
  60  5:08  Baneling x2  
  60  5:12  Overseer  
  60  5:15  Drone x5  
  60  5:17  Roach  
  60  5:18  Roach x2  
  73  5:28  Roach x4  
  73  5:35  Overlord x2  
  79  5:50  Overseer  
  79  5:52  Overlord x3  
  79  5:55  Extractor  
  79  5:56  Extractor  
  77  6:06  Roach x6  
  77  6:10  Drone x2  
  90  6:13  Drone x4  
  90  6:15  Overseer  
  90  6:17  Ravager x3  
  97  6:24  Overlord x2  
  97  6:25  Drone  
  97  6:26  Drone x3  
  97  6:29  Drone x2  
  97  6:30  Ravager  
  97  6:32  Drone x2  
  106  6:39  Overlord  
  106  6:40  Overlord  
  106  6:47  Drone  
  106  6:48  Drone x2  
  106  6:51  Ravager x3  
  106  6:52  Overseer  
  111  6:59  Roach x4  
  119  7:06  Baneling  
  119  7:07  Baneling  
  119  7:12  Overlord x3  
  119  7:17  Drone  
  119  7:20  Extractor, Drone x3  
  122  7:30  Baneling x5  
  122  7:31  Roach  
  122  7:32  Hatchery, Roach x3  
  129  7:41  Roach x5  
  139  7:44  Roach  
  141  7:51  Overlord x2  
  141  7:52  Roach x3  
  141  7:53  Roach  
  147  7:59  Overlord  
  147  8:00  Roach x3  
  153  8:13  Overlord x2  
  153  8:14  Roach x4  
  153  8:17  Ravager x2  
  149  8:42  Roach x8  
  149  8:43  Roach  
  149  8:44  Overseer  
  153  8:57  Overseer  
Tags
 
Add a new tag
Caveats
  • Supply blocks, unpowered buildings, or Contaminate may cause inaccurate times.
  • Supply counts are checked every 10 seconds.